 Dungeon Crawl Stone Soup version bcrawl-1.40.3b (webtiles) character file.

Game seed: 11005867334426737050

227048 PlayerOfArmor the Cleaver (level 8, -2/64 HPs)
             Began as a Minotaur Fighter on Mar 23, 2024.
             Was an Initiate of Ru.
             Slain by a centaur (7 damage)
             ... on level 6 of the Dungeon.
             The game lasted 00:06:54 (4891 turns).

PlayerOfArmor the Cleaver (Minotaur Fighter)        Turns: 4891, Time: 00:06:55

Health: -2/64      AC:  9    Str: 24    XL:     8   Next: 11%
Magic:  7/7        EV:  4    Int: 11    God:    Ru [......]
Gold:   522        SH:  9    Dex:  9    Spells: 7/7 levels left

rFire    . . .     GDR:     24% y - +0 broad axe
rCold    . . .     SeeInvis +   c - +0 medium shield
rNeg     . . .     Gourm    .   a - +0 chain mail
rPois    .         Faith    .   (helmet restricted)
rElec    .         Spirit   .   (no cloak)
rCorr    .         Reflect  .   (no gloves)
MR       .....                  (no boots)
Stlth    ..........             (no amulet)
HPRegen  0.20/turn              h - ring of see invisible
MPRegen  0.10/turn              b - +6 ring of intelligence

@: no status effects
A: retaliatory headbutt, horns 2, no stealth
a: Renounce Religion


You were on level 6 of the Dungeon.
You worshipped Ru.
Ru was noncommittal.
You were hungry.

You visited 2 branches of the dungeon, and saw 7 of its levels.

You collected 522 gold pieces.

Inventory:

Hand Weapons
 y - a +0 broad axe (weapon)
Armour
 a - a +0 chain mail (worn)
 c - a +0 medium shield (worn)
Jewellery
 b - a +6 ring of intelligence (right hand)
 h - a ring of see invisible (left hand)
Scrolls
 e - 2 scrolls of revelation {unknown}
 l - a scroll of immolation {unknown}
 n - 2 scrolls of enchant weapon {unknown}
 o - 2 scrolls of fear {unknown}
 q - 4 scrolls of teleportation {unknown}
 v - a scroll of enchant armour {unknown}
 w - 3 scrolls of remove curse {unknown}
 x - 2 scrolls of blinking {unknown}
Potions
 d - a potion of might
 f - a potion of mutation {unknown}
 g - a potion of haste {unknown}
 i - 2 potions of heal wounds
 j - 4 potions of magic {unknown}
 k - 2 potions of curing {unknown}
 m - 2 potions of ambrosia {unknown}
 s - a potion of degeneration {unknown}
 t - a potion of agility {unknown}
 u - a potion of resistance {unknown}
Comestibles
 p - 11 rations {!d}


   Skills:
 - Level 3.6 Fighting
 + Level 11.5 Axes
 - Level 3.6 Armour
 - Level 3.6 Shields


You had 7 spell levels left.
You didn't know any spells.
Your spell library was empty.

Dungeon Overview and Level Annotations

Branches:
Dungeon (6/12)             Temple (1/1) D:4

Altars:
Ashenzari
Dithmenos
Elyvilon
Fedhas
Gozag
Hepliaklqana
Kikubaaqudgha
Lugonu
Makhleb
Nemelex Xobeh
Okawaru
Qazlal
Ru
Sif Muna
Uskayaw
Vehumet
Wu Jian
Xom
Zin
The Shining One

Annotations:
D:3 exclusion: door
D:5 1 runed door


Innate Abilities, Weirdness & Mutations

You reflexively headbutt those who attack you in melee.
You have a pair of horns on your head.
You cannot be stealthy.


Message History

The orc warrior is heavily wounded.
Your shield and chain mail prevent you from hitting the orc.
You block the orc's attack.
The orc warrior hits you but does no damage.
You closely miss the orc warrior.
The orc warrior is heavily wounded.
You slash the orc!
You kill the orc!
You block the orc warrior's attack. The centaur hits you.
You closely miss the orc warrior. You headbutt the orc warrior.
The orc warrior is severely wounded.
You closely miss the centaur. You block the orc warrior's attack.
The centaur hits you but does no damage.
You barely miss the orc warrior.
The orc warrior is severely wounded.
You hit the centaur but do no damage.
The orc warrior hits you with a +0 flail!
* * * LOW HITPOINT WARNING * * *
The centaur hits you!
You die...

## ..# #.# #$# #
#.# .##.####.###.#
......c).....#
#...o@.# .....#
######.# .....# #.#
.....# #.# .....#
####.####.## .....#
######...........
.....#
..>.......####.##
.....#########..#.#
...........# #..#.#


You could see an orc warrior and a centaur.

Vanquished Creatures
  Sigmund (D:3)
  A phantom (D:4)
  A bullfrog (D:5)
  A centaur (D:6)
  A scorpion (D:5)
  3 orc priests
  A howler monkey (D:5)
  A crimson imp (D:4)
  A hound (D:5)
  A bullfrog zombie (D:5)
  A bullfrog skeleton (D:5)
  3 iguanas (D:5)
  2 orc wizards
  A worker ant (D:2)
  A killer bee zombie (D:5)
  A hound skeleton (D:6)
  5 gnolls
  2 howler monkey skeletons
  4 adders
  A shadow imp (D:5)
  2 oozes
  A worm (D:3)
  A dart slug (D:2)
  6 leopard geckos
  26 orcs
  2 ball pythons
  5 bats
  A giant cockroach (D:3)
  4 goblins
  4 hobgoblins
  2 jackals (D:5)
  6 quokkas
  2 frilled lizards
  A jackal skeleton (D:5)
  9 kobolds
  3 rats
108 creatures vanquished.

Notes
Turn   | Place    | Note
-------+----------+-------------------------------------------
     0 | D:1      | PlayerOfArmor the Minotaur Fighter began the quest for the
                  | Orb.
     0 | D:1      | Reached XP level 1. HP: 19/19 MP: 0/0
   328 | D:1      | Reached skill level 3 in Axes
   439 | D:1      | Reached XP level 2. HP: 26/26 MP: 1/1
   857 | D:2      | Found a stormy altar of Qazlal.
   866 | D:2      | Reached skill level 4 in Axes
   913 | D:2      | Found a corrupted altar of Lugonu.
   930 | D:2      | Reached XP level 3. HP: 24/31 MP: 2/2
   940 | D:2      | Reached skill level 5 in Axes
  1554 | D:3      | Reached XP level 4. HP: 38/39 MP: 3/3
  1561 | D:4      | Found a staircase to the Ecumenical Temple.
  1561 | D:4      | Noticed a phantom
  1607 | D:4      | Killed a phantom
  1608 | D:4      | Reached skill level 6 in Axes
  1608 | D:4      | Reached XP level 5. HP: 26/45 MP: 4/4
  1828 | D:4      | Found an iron altar of Okawaru.
  1829 | D:4      | Found a blossoming altar of Fedhas.
  1831 | D:4      | Found a sparkling altar of Nemelex Xobeh.
  1852 | D:4      | Reached skill level 7 in Axes
  2101 | D:4      | Found a white marble altar of Elyvilon.
  2372 | D:4      | Reached XP level 6. HP: 39/51 MP: 5/5
  2439 | Temple   | Entered the Ecumenical Temple
  2472 | Temple   | Became a worshipper of Ru the Awakened
  2532 | D:3      | Reached skill level 8 in Axes
  2979 | D:3      | Found a shimmering blue altar of Sif Muna.
  3380 | D:5      | Entered Level 5 of the Dungeon
  3380 | D:5      | Found an opulent altar of Gozag.
  3388 | D:5      | Reached skill level 9 in Axes
  3438 | D:5      | Reached XP level 7. HP: 6/57 MP: 6/6
  3578 | D:5      | Found a shadowy altar of Dithmenos.
  3689 | D:5      | Gained mutation: You cannot be stealthy. [Ru sacrifice]
  3754 | D:5      | Reached skill level 10 in Axes
  3885 | D:5      | Found a runed door.
  4299 | D:3      | Noticed Sigmund
  4307 | D:3      | Killed Sigmund
  4433 | D:5      | Reached skill level 11 in Axes
  4658 | D:5      | Reached XP level 8. HP: 64/64 MP: 7/7
  4891 | D:6      | Slain by a centaur

Skill      XL: |  1  2  3  4  5  6  7 |
---------------+----------------------+-----
Axes           | 3 4 5 6 7 9 11 | 11.5
Fighting       | |  3.6
Armour         | |  3.6
Shields        | |  3.6

Action                   |  1- 3 |  4- 6 |  7- 9 || total
-------------------------+-------+-------+-------++-------
Melee: War axe           |    74 |   152 |    58 ||   284
       Headbutt          |     9 |    11 |    10 ||    30
       Broad axe         |       |       |    44 ||    44
Invok: Sacrifice Stealth |       |       |     1 ||     1
  Use: Potion            |       |     1 |     1 ||     2
  Eat: Chunk             |     4 |    11 |     7 ||    22
Armor: Scale mail        |    39 |    72 |    12 ||   123
       Chain mail        |       |       |    18 ||    18
Dodge: Dodged            |    22 |    22 |    10 ||    54
Block: Medium shield     |    51 |    77 |    40 ||   168
